AoeStats
← Starsky

Arabia

509895940Analyzed
3v3 RM · 3d ago on Sep 28, 2026· 26m 57s· 6 players
Game mode
Random Map
Map size
Normal (6 player)
Population
200
Speed
Normal
Resources
Standard
Victory
Conquest
Starting age
Dark Age
Ending age
Imperial Age
RankedLock teamsTeams togetherTeam positionsShared explorationLock speedFull tech treeHidden civsTurbo modeCheats
Victory
Defeat
🇨🇳 Magyars · China
1807
+10
🇦🇷 Chinese · Argentina
1767
+11
🇨🇳 Ethiopians · China
1733
+13
🇹🇼 Varangians · Taiwan
1686
-12
🇹🇼 Varangians · Taiwan
1676
-12
🇹🇼 Britons · Taiwan
1631
-10
皮眼派對
8:46 Feudal Age
7:44 Loom
9:26 Double-Bit Axe
13:29 Bloodlines
17:32 Wheelbarrow
18:39 Scale Barding Armor
暴陽
5:57 Loom
8:52 Feudal Age
9:24 Double-Bit Axe
17:58 Fletching
20:37 Wheelbarrow
23:17 Castle Age
23:18 Horse Collar
23:29 Gold Mining
23:56 Bloodlines
26:08 Husbandry
27:25 Scale Barding Armor
包莖
5:10 Loom
9:14 Feudal Age
9:50 Double-Bit Axe
22:42 Castle Age
22:09 Padded Archer Armor
22:03 Fletching
21:55 Horse Collar
22:09 Gold Mining
22:44 Crossbowman
23:31 Bodkin Arrow
24:17 Bow Saw
27:50 Ballistics
qeozouwajqnl
0:26 Loom
9:19 Feudal Age
10:02 Double-Bit Axe
10:41 Town Watch
17:34 Scale Barding Armor
22:35 Castle Age
20:43 Gold Mining
21:31 Bloodlines
21:44 Forging
22:03 Horse Collar
23:29 Bow Saw
23:40 Chain Barding Armor
Starsky
5:58 Loom
8:49 Feudal Age
9:24 Double-Bit Axe
15:40 Scale Barding Armor
18:17 Bloodlines
22:23 Castle Age
20:31 Horse Collar
21:31 Gold Mining
23:27 Chain Barding Armor
23:30 Bow Saw
23:39 Husbandry
27:48 Wheelbarrow
27:21 Town Watch
冥想控
6:41 Loom
8:52 Feudal Age
14:55 Fletching
18:50 Padded Archer Armor
25:09 Castle Age
23:17 Gold Mining
23:22 Horse Collar
25:18 Crossbowman
25:53 Bodkin Arrow
Connection lost

Rejoining the realm…

Still unreachable

The connection could not be restored.

Session expired

The server has moved on; the page needs a fresh start.